 Dungeon Crawl Stone Soup version 0.26-a0-800-g517d6fe721 (webtiles) character file.

Game seed: 8621401603986291925

19 Chiseanne the Magician (level 2, 19/19 HPs)
             Began as a Demonspawn Hedge Wizard on Nov 11, 2020.
             Quit the game on level 1 of the Dungeon.
             The game lasted 00:01:29 (1241 turns).

Chiseanne the Magician (Demonspawn Hedge Wizard)    Turns: 1241, Time: 00:01:30

Health: 19/19      AC:  4    Str: 10    XL:     2   Next: 55%
Magic:  6/6        EV: 12    Int: 15    God:
Gold:   32         SH:  0    Dex: 12    Spells: 6/7 levels left

rFire    . . .     SeeInvis .   a - +0 short sword
rCold    . . .     Faith    .   (no shield)
rNeg     . . .     Spirit   .   b - +1 robe
rPois    .         Reflect  .   c - +0 hat
rElec    .         Harm     .   (no cloak)
rCorr    .         Rampage  .   g - +0 pair of gloves
MR       .....                  (no boots)
Stlth    ++........             (no amulet)
HPRegen  0.06/turn              (no ring)
MPRegen  0.10/turn              (no ring)

@: no status effects
A: hooves 1
a: no special abilities


You were on level 1 of the Dungeon.
You visited 1 branch of the dungeon, and saw 1 of its levels.

You collected 32 gold pieces.

Inventory:

Hand Weapons
 a - a +0 short sword (weapon)
Missiles
 h - 13 stones (quivered)
Armour
 b - a +1 robe (worn)
 c - a +0 hat (worn)
 g - a +0 pair of gloves (worn)
Scrolls
 d - a scroll of enchant armour
 e - a scroll of identify {unknown}
 f - a scroll of immolation {unknown}
 j - 2 scrolls of remove curse {unknown}
 k - a scroll of teleportation {unknown}
Potions
 i - a potion of lignification {unknown}
 l - a potion of magic {unknown}


   Skills:
 - Level 1.7 Dodging
 - Level 1.7 Stealth
 * Level 3.4 Spellcasting
 * Level 1.9 Conjurations
   Level 1.0 Summonings
   Level 0.8 Translocations


You had 6 spell levels left.
You knew the following spells:

 Your Spells              Type           Power        Failure   Level
a - Magic Dart            Conj           #...         9%          1

Your spell library contained the following spells:

 Spells                   Type           Power        Failure   Level
 Call Imp                 Summ           #.......     19%         2
 Blink                    Tloc           N/A          21%         2
 Slow                     Hex            #.......     28%         2
 Conjure Flame            Conj/Fire      #.......     36%         3
 Mephitic Cloud           Conj/Pois/Air  #.......     41%         3


Dungeon Overview and Level Annotations

Branches:
Dungeon (1/15)

Altars:


Innate Abilities, Weirdness & Mutations

You have large cloven feet.


Message History

Aim: a giant cockroach (moderately wounded)
The magic dart hits the giant cockroach.
You kill the giant cockroach!
Casting: Magic Dart (safe; 9% risk of failure)
Confirm with . or Enter, or press ? or * to list all spells.
Aiming: Magic Dart (safe; 9% risk of failure)
Press: ? - help, Shift-Dir - straight line, f - you That beam is likely to hit you.
Continue anyway? [Y]es or [N]o only, please.
That beam is likely to hit you.
Continue anyway?
Okay, then.
d - 2 scrolls labelled YPLUOTT KUNUE (gained 1)
You open the door.
There is an open door here.
Done exploring.
Done exploring.
As you read the scroll labelled YPLUOTT KUNUE, it crumbles to dust.
It is a scroll of enchant armour.
Your +0 robe glows green for a moment.
Are you sure you want to abandon this character and quit the game? (Confirm with "yes".)

#...............## ##.##
#####.###########.## #....
#........# #.# ##.##
#.###.##.# #.# #### #.# #.##.#
##'## # #.# #)...# ##...## #
#.#####..# ##.....## ####
#..).....# ##.......## ##.##
######...####@........####...#
#.......'.........'.......
##...####.........####....
#.....# ##......)## ##..#
#.#.#.# ##.....## ##.. #.....#
##...## ##. #.....# ##+## #†
#.....# #.# #. #.....# #.# #.


There were no monsters in sight!

Vanquished Creatures
  A dart slug (D:1)
  2 giant cockroaches (D:1)
  5 goblins (D:1)
  A hobgoblin (D:1)
  2 bats (D:1)
  4 kobolds (D:1)
  A rat (D:1)
16 creatures vanquished.

Notes
Turn   | Place    | Note
-------+----------+-------------------------------------------
     0 | D:1      | Chiseanne the Demonspawn Hedge Wizard began the quest for
                  | the Orb.
     0 | D:1      | Reached XP level 1. HP: 13/13 MP: 4/4
   556 | D:1      | Gained mutation: You have large cloven feet. [demonic
                  | ancestry]
   556 | D:1      | Reached XP level 2. HP: 13/19 MP: 1/6
  1241 | D:1      | Quit the game

Illustrated notes

Levels and vault maps discovered:
D:1:      tarquinn_simple_flora_water_d, layout_loops_corners

Action                   || total
-------------------------++-------
Melee: Short sword       ||    10
       Dagger            ||     3
 Cast: Magic Dart        ||    33
  Use: Scroll            ||     1
Armor: Robe              ||     4
Dodge: Dodged            ||     9

Table legend: (Time is in decaauts)
 A = Elapsed time spent in this place.
 B = Non-inter-level travel time spent in this place.
 C = Inter-level travel time spent in this place.
 D = Time resting spent in this place.
 E = Time spent auto-exploring this place.
 F = Levels seen in this place.
 G = Mean time per level.
                   A        B        C        D        E       F      G
               +--------+--------+--------+--------+--------+-----+--------+
         Total |   1241 |   1241 |      0 |    177 |    976 |   1 | 1241.0 |
       Dungeon |   1241 |   1241 |      0 |    177 |    976 |   1 | 1241.0 |
               +--------+--------+--------+--------+--------+-----+--------+

Top non-repeatable levels by time:
     D:1: 1241 daAuts
